 Dungeon Crawl Stone Soup version 0.32-a0-33-g74fbe469d6 (webtiles) character file.

Game seed: 8856121097125269934

35 wildpjah the Sneak (level 3, -3/25 HPs)
             Began as a Merfolk Enchanter on Jan 21, 2024.
             Killed from afar by Jessica (10 damage)
             ... with a puff of flame
             ... on level 2 of the Dungeon.
             The game lasted 00:02:26 (754 turns).

wildpjah the Sneak (Merfolk Enchanter)               Turns: 754, Time: 00:02:30

Health: -3/25      AC:  3    Str:  8    XL:     3   Next: 35%
Magic:  3/6        EV: 12    Int: 14    God:
Gold:   44         SH:  0    Dex: 16    Spells: 4/6 levels left

rFire   . . .        a - +1 dagger
rCold   . . .        (no shield)
rNeg    . . .        j - +0 leather armour
rPois   .            (helmet currently unavailable)
rElec   .            (cloak currently unavailable)
rCorr   .            (gloves currently unavailable)
SInv    .            (boots currently unavailable)
Will    .....        (no amulet)
Stlth   ++           (no ring)
HPRegen 0.24/turn    (no ring)
MPRegen 0.10/turn

%: no passive effects
@: beast-form
A: beast (slay +0), (nimble swimmer 2), mertail
a: Begin Untransformation


You were on level 2 of the Dungeon.
You were a hulking beast.
You visited 1 branch of the dungeon, and saw 2 of its levels.

You collected 44 gold pieces.

Inventory:

Hand Weapons
 a - a +1 dagger (weapon)
Armour
 b - a +0 robe
 j - a +0 leather armour (worn)
Jewellery
 k - a +6 ring of dexterity
 l - a ring of protection from fire
Talismans
 g - a beast talisman (active)
Scrolls
 d - a scroll of teleportation {unknown}
 e - 2 scrolls of identify {unknown}
 h - a scroll of fog {unknown}
 i - a scroll of blinking {unknown}
Potions
 c - 2 potions of invisibility
 f - a potion of magic {unknown}


   Skills:
 + Level 0.4 Fighting
 + Level 1.5 Short Blades
 * Level 3.0 Dodging
 + Level 3.6 Stealth
 * Level 2.1 Spellcasting
 * Level 3.6 Hexes


You had 4 spell levels left.
You knew the following spells:

 Your Spells              Type           Power      Damage    Failure   Level
a - Ensorcelled Hibernat  Hex/Ice        12%        N/A       24%         2

Your spell library contained the following spells:

 Spells                   Type           Power      Damage    Failure   Level
 Slow                     Hex            44%        N/A       8%          1
 Confusing Touch          Hex            11%        N/A       22%         3
 Sigil of Binding         Hex            11%        N/A       22%         3
 Tukima's Dance           Hex            11%        N/A       22%         3
 Sting                    Conj/Alch      4%         1d3       34%         1
 Dazzling Flash           Conj/Hex       12%        N/A       43%         3
 Mercury Vapours          Alch/Air       2%         N/A       45%         2
 Vampiric Draining        Necr           1%         2d6       71%         3
 Olgreb's Toxic Radiance  Alch           1%         N/A       98%         4


Dungeon Overview and Level Annotations

Branches:
Dungeon (2/15)

Altars:

Annotations:
D:2 Jessica


Innate Abilities, Weirdness & Mutations

You are a hulking beast.
Your limbs bulge with bestial killing power. (Slay +0)
((You are very nimble when in or above water. (Stealth+, EV+, Speed+++)))
Your lower body shifts to a powerful aquatic tail in water.


Message History

The rat is heavily wounded.
The bat hits you but does no damage. The rat closely misses you.
You barely miss the rat.
The rat is heavily wounded.
The rat misses you. Jessica gestures at you while chanting.
Pain shoots through your body!
You hit the rat but do no damage.
The rat is heavily wounded.
The bat closely misses you. The rat bites you but does no damage.
You closely miss the rat.
The rat is heavily wounded.
The bat barely misses you.
Jessica casts a spell.
Jessica blinks!
The rat bites you.
You closely miss the rat.
The rat is heavily wounded.
The bat hits you but does no damage.
Jessica looks very angry.
The rat bites you but does no damage.
You hit the rat.
You kill the rat!
The bat hits you but does no damage.
Jessica zaps a wand.
The puff of flame hits you!
Your magical contamination has completely faded away.
Jessica zaps a wand.
The puff of flame misses you. The bat hits you but does no damage.
The bat hits you but does no damage. Jessica gestures at you while chanting.
You resist with some effort.
You closely miss Jessica.
Jessica points at you and mumbles some strange words.
Pain shoots through your body!
* * * LOW HITPOINT WARNING * * *
Aiming: Ensorcelled Hibernation (quite dangerous; 24% risk of failure)
Press: ? - help, Q - select action, (/) - cycle Shift-Dir - straight line, f/p - Jessica
Aim: Jessica, wielding a +0 club, wearing a +0 robe and carrying a wand of flame (fast, chance to affect: 49%) Jessica resists with some effort.
The bat closely misses you.
Jessica zaps a wand.
The puff of flame hits you!
You die...

..####...# #....###
##....##..###....##
.....>...)...#...
###.###.#$.##....##.
#.......##....####
.. ##.......##...##
## #........#..#.#
#......b....#.#
#....@h....##.#
#........†###..#
..............#.
###........#......
#.......##.....#
#.......# ..$..
#####...# .....
..### .... #.# ....


You could see Jessica (fast) and a bat.

Vanquished Creatures
  An adder (D:2)
  2 dart slugs (D:1)
  2 endoplasms (D:1)
  2 goblins
  2 hobgoblins (D:1)
  2 jackals (D:1)
  A kobold (D:1)
  3 quokkas (D:1)
  2 bats (D:1)
  A frilled lizard (D:1)
  2 rats
20 creatures vanquished.

Notes
Turn   | Place    | Note
-------+----------+-------------------------------------------
     0 | D:1      | wildpjah the Merfolk Enchanter began the quest for the Orb.
     0 | D:1      | Reached XP level 1. HP: 13/13 MP: 3/3
   109 | D:1      | Reached XP level 2. HP: 15/19 MP: 5/5
   322 | D:1      | Learned a level 2 spell: Ensorcelled Hibernation
   567 | D:1      | Reached XP level 3. HP: 18/25 MP: 6/6
   735 | D:2      | Noticed Jessica
   754 | D:2      | Killed from afar by Jessica

Illustrated notes

Levels and vault maps discovered:
D:1:      mrwooster_arrival_statue, layout_basic
D:2:      layout_rooms, minmay_misc_feat_cross, uniq_jessica

Skill      XL: |  1  2 |
---------------+-------+-----
Dodging        | 3 |  3.0
Fighting       | |  0.4
Short Blades   | |  1.5
Stealth        | |  3.6
Spellcasting   | |  2.1
Hexes          | |  3.6

Action                     || total
---------------------------++-------
  Melee: Dagger            ||    86
   Cast: Ensorcelled Hiber ||     2
   Stab: Sleeping          ||     5
 Armour: Robe              ||    31
         Leather armour    ||    17
  Dodge: Dodged            ||    59
   Form: Beast             ||     1

Table legend: (Time is in decaauts)
 A = Elapsed time spent in this place.
 B = Non-inter-level travel time spent in this place.
 C = Inter-level travel time spent in this place.
 D = Time resting spent in this place.
 E = Time spent auto-exploring this place.
 F = Levels seen in this place.
 G = Mean time per level.
                   A        B        C        D        E       F      G
               +--------+--------+--------+--------+--------+-----+--------+
         Total |    747 |    738 |      9 |      0 |    500 |   2 |  373.5 |
       Dungeon |    747 |    738 |      9 |      0 |    500 |   2 |  373.5 |
               +--------+--------+--------+--------+--------+-----+--------+

Top non-repeatable levels by time:
     D:1: 680 daAuts
     D:2: 67 daAuts
